AoeStats
← |GaoeG| flamingo

Nomad

503565622Analyzed
1v1 RM · 1mo ago on Sep 1, 2026· 45m 15s· 2 players
Game mode
Random Map
Map size
126×126
Population
200
Speed
Normal
Resources
Standard
Victory
Conquest
Starting age
Dark Age
Ending age
Imperial Age
RankedLock teamsTeams togetherTeam positionsShared explorationLock speedFull tech treeHidden civsTurbo modeCheats
Victory
Defeat
🇹🇷 Spanish · Türkiye
1445
+15
🇪🇸 Spanish · Spain
1424
-15
|GaoeG| flamingo
7:01 Loom
14:54 Feudal Age
18:47 Castle Age
16:37 Double-Bit Axe
18:11 Horse Collar
21:49 Bow Saw
23:05 Wheelbarrow
22:40 Town Watch
30:14 Heavy Plow
30:53 Padded Archer Armor
32:36 Fletching
40:36 Imperial Age
38:42 Bloodlines
40:24 Husbandry
40:45 Scale Barding Armor
42:23 Conscription
43:08 Cavalier
45:00 Chain Barding Armor
KRaL
5:26 Loom
14:50 Feudal Age
19:10 Castle Age
17:41 Padded Archer Armor
17:42 Double-Bit Axe
21:11 Padded Archer Armor
26:46 Leather Archer Armor
40:53 Imperial Age
39:30 Wheelbarrow
38:40 Town Watch
39:34 Wheelbarrow
38:51 Town Watch
39:42 Bow Saw
41:04 Bloodlines
40:54 Husbandry
41:01 Scale Barding Armor
42:30 Gold Mining
43:13 Ring Archer Armor
43:04 Chain Barding Armor
42:06 Light Cavalry
43:29 Conscription
43:13 Hussar
44:51 Forging
Connection lost

Rejoining the realm…

Still unreachable

The connection could not be restored.

Session expired

The server has moved on; the page needs a fresh start.